Cogmind - Beta 15 @@@ ROGUE MODE // 2025.06.01 @ 01:30:27 Player: Darcyisverycute Result: Destroyed by H-61 Shepherd with Heavy Assault Cannon Performance ------------- Evolutions (2) 1000 Regions Visited (8) 1600 Robots Destroyed (141) 705 Value Destroyed (5845) 5845 Prototype IDs (6) 120 Alien Tech Used (0) 0 Bonus (4742) 4742 TOTAL SCORE: 14012 Bonus ------- High Alert Combat Kills 1196 Follower Combat Kills 1180 Entered Garrisons 400 Used RIF Installer 2000 Friendly Fire -34 Cogmind --------- Core Integrity 0/550 Matter 300/300 Energy 280/280 System Corruption 9% Temperature Cool (9) Movement Walking (190) Ox1 Location -8/Materials Parts ------- > --- POWER (1) -------- Cooled Ion Engine > --- PROPULSION (3) --- Aluminum Leg Aluminum Leg Carbon-fiber Leg > --- UTILITY (4) ------ High-capacity Storage Unit Relay Coupler [Grunt] (1) Relay Coupler [Sentry] (1) Relay Coupler [Heavy] (19) > --- WEAPON (3) ------- Improved Assault Rifle Improved Assault Rifle Improved Datajack > --- INVENTORY (20) --- Light Treads Aluminum Leg High-capacity Battery (250) Large Matter Pod (118) Improved Terrain Scanner Advanced Targeting Computer Heavy Insulated Plating Authchip [R/Combat] Authchip [R/Combat] Authchip [Processor] Relay Coupler [NC] (41) Relay Coupler [Grunt] (26) Relay Coupler [Sentry] (27) Relay Coupler [Sentry] (23) Relay Coupler [Sentry] (19) Relay Coupler [Hunter] (20) Improved Assault Rifle Long-range Missile Launcher Peak State ------------ > --- POWER ------------ Light Angular Momentum Engine > --- PROPULSION ------- Light Treads Light Treads Aluminum Leg > --- UTILITY ---------- High-capacity Storage Unit Relay Coupler [Grunt] Relay Coupler [Sentry] Relay Coupler [Heavy] > --- WEAPON ----------- Improved EM Shotgun Improved Assault Rifle Improved Datajack > --- INVENTORY -------- Cooled Ion Engine High-capacity Battery Large Matter Pod Improved Terrain Scanner Advanced Targeting Computer Heavy Insulated Plating Authchip [R/Combat] Authchip [R/Combat] Authchip [Processor] Relay Coupler [NC] Relay Coupler [Grunt] Relay Coupler [Sentry] Relay Coupler [Sentry] Relay Coupler [Sentry] Relay Coupler [Hunter] Improved EM Shotgun Improved Assault Rifle Improved Assault Rifle Long-range Missile Launcher [Rating: 37] Favorites ----------- Power Cooled Ion Engine Engine Cooled Ion Engine Propulsion Light Treads Treads Light Treads Leg Aluminum Leg Flight Unit Improved Flight Unit Utility High-capacity Storage Unit Device Seismic Detector Storage High-capacity Storage Unit Hackware Relay Coupler [Sentry] Protection Hardened Light Armor Plating Weapon Improved Assault Rifle Energy Gun Improved EM Shotgun Energy Cannon EM Pulse Cannon Ballistic Gun Improved Assault Rifle Ballistic Cannon Assault Cannon Launcher Mini Grenade Launcher Special Melee Weapon Improved Datajack Build | -11 -10 -10 -9 -9 -9 -8 -8 -8 ------- Run | Yrd Mat Min Mat Sto Gar Mat Gar Mat Slots Evolved 4 | . . . 2 . . 2 . . Power . | . . . . . . . . . Propulsion 1 | . . . 1 . . . . . Utility 2 | . . . . . . 2 . . Weapon 1 | . . . 1 . . . . . Parts Attached 94 | 7 . 1 21 12 10 21 16 6 Power 8 | 1 . . 4 . . . 1 2 Engine 8 | 1 . . 4 . . . 1 2 Core . | . . . . . . . . . Reactor . | . . . . . . . . . Propulsion 26 | 2 . . 4 2 5 7 2 4 Treads 17 | 2 . . 4 1 5 4 1 . Leg 8 | . . . . . . 3 1 4 Wheel . | . . . . . . . . . Hover . | . . . . . . . . . Flight 1 | . . . . 1 . . . . Utility 28 | 2 . . 3 . 3 9 11 . Device 4 | 1 . . . . . 2 1 . Storage 4 | 1 . . 1 . 1 . 1 . Processor . | . . . . . . . . . Hackware 15 | . . . . . 1 6 8 . Protection 5 | . . . 2 . 1 1 1 . Artifact . | . . . . . . . . . Weapon 32 | 2 . 1 10 10 2 5 2 . Energy Gun 10 | . . . 2 5 2 . 1 . Energy Cannon 1 | . . . . . . 1 . . Ballistic Gun 18 | 2 . 1 8 4 . 2 1 . Ballistic Cannon 1 | . . . . . . 1 . . Launcher 1 | . . . . 1 . . . . Special Weapon . | . . . . . . . . . Impact Weapon . | . . . . . . . . . Slashing Weapon . | . . . . . . . . . Piercing Weapon . | . . . . . . . . . Special Melee Weapon 1 | . . . . . . 1 . . Unidentified Prototypes 5 | . . . 2 3 . . . . Corrupted Parts 2 | . . . . . . 1 1 . System Corruption 7 | . . . . . . 5 2 . Parts Lost 20 | . . . 2 1 1 8 4 4 Power 4 | . . . 2 . . . 1 1 Propulsion 8 | . . . . 1 . 4 2 1 Utility 4 | . . . . . 1 3 . . Weapon 4 | . . . . . . 1 1 2 Highest Loss Streak 4 | . . . 1 1 1 3 2 4 To Critical Strikes . | . . . . . . . . . Average Backups 16 | . 6 8 11 19 19 18 18 18 Power . | . . . . 1 1 1 1 . Propulsion 1 | . . . 1 2 2 . . . Utility 9 | . 5 7 7 9 10 10 10 14 Weapon 4 | . . 1 2 6 6 6 6 3 Tool/Special . | . . . . . . . . . Unused Backups 29 | . . . 4 6 6 1 . 12 Power . | . . . . . . . . . Propulsion 2 | . . . . 1 1 . . . Utility 22 | . . . 3 3 5 . . 11 Weapon 5 | . . . 1 2 . 1 . 1 Tool/Special . | . . . . . . . . . Average Slot Usage (%) 97 | . 99 100 97 99 99 94 95 99 Engine 10 | . 13 14 10 11 11 9 8 8 Treads 24 | . 27 28 31 31 33 21 11 15 Leg 4 | . . . . . . 3 14 11 Device 2 | . 13 14 3 . . 2 . . Storage 11 | . 14 14 11 11 11 9 10 9 Hackware 7 | . . . . . . 14 21 27 Protection 5 | . . . 7 11 10 6 . . Energy Gun 8 | . . . 2 24 20 . 5 9 Ballistic Gun 17 | . 28 28 29 6 12 15 12 9 Special Melee Weapon 2 | . . . . . . 6 6 8 Peak Build Rating 37 | 7 8 8 18 23 23 30 36 37 Average Rating 21 | 5 7 8 14 18 21 25 31 35 On Entrance 15 | . 7 8 8 17 21 23 25 34 Naked Turns . | . . . . . . . . . Heaviest Build 71 | 11 11 11 64 64 64 68 71 58 Greatest Support 60 | 40 40 40 60 60 60 60 40 40 Greatest Overweight (x) 5 | . . . 1 1 1 3 3 5 Average Overweight (x) . | . . . . 1 . . 1 1 Largest Inventory Capacity 20 | 8 8 8 20 20 20 20 20 20 Average Capacity 17 | 7 8 8 12 20 20 20 20 20 Most Carried 20 | 2 8 8 20 20 20 20 20 20 Average Carried 16 | . 6 8 11 19 19 18 19 19 Final Capacity 20 | 8 8 8 20 20 20 20 20 20 Final Carried 20 | 1 8 8 20 20 20 20 20 19 Class Distribution -------------------- 25% | Tank 21% | Bothacker-Mutant 17% | Mutant 11% | Scavenger-Tank 5% | Bothacker-Gunner 4% | Botlord-Mutant 4% | Commander-Tank 3% | Scavenger-Gunner 3% | Bothacker-Tank Dominant Class ---------------- Mutant | -10/Materials Mutant | -10/Mines Scavenger-Tank | -9/Materials Tank | -9/Storage Tank | -9/Garrison Bothacker-Mutant | -8/Materials Bothacker-Mutant | -8/Garrison Botlord-Mutant | -8/Materials Resources | -11 -10 -10 -9 -9 -9 -8 -8 -8 ----------- Run | Yrd Mat Min Mat Sto Gar Mat Gar Mat Matter Collected 3830 | 280 80 33 649 525 345 764 776 378 Remotely . | . . . . . . . . . Salvage Created 4538 | 106 234 43 987 743 884 858 469 214 Parts 268 | 8 12 6 73 43 47 47 26 6 Haulers Intercepted 5 | . 1 . 3 1 . . . . Recyclers Shooed 2 | . 1 . . 1 . . . . Parts Field Recycled . | . . . . . . . . . Retrieved Matter . | . . . . . . . . . Parts Self-Destructed . | . . . . . . . . . Prevented . | . . . . . . . . . Kills | -11 -10 -10 -9 -9 -9 -8 -8 -8 ------- Run | Yrd Mat Min Mat Sto Gar Mat Gar Mat Combat Hostiles Destroyed 116 | . 5 3 26 20 24 24 10 4 Guns 83 | . 5 3 25 6 16 14 10 4 Cannons 6 | . . . . . . 6 . . AOE 24 | . . . . 14 6 4 . . Classes Destroyed 15 | 3 3 . 2 3 . 2 2 . Worker 7 | 1 . . 2 1 . 3 . . Builder 1 | . . . . 1 . . . . Tunneler 1 | 1 . . . . . . . . Hauler 5 | . 1 . 3 1 . . . . Recycler 4 | 1 1 . . 2 . . . . Mechanic 1 | . . . . 1 . . . . Watcher 4 | . . . 3 . . . 1 . Swarmer 41 | . 3 3 15 4 4 9 1 2 Cutter 2 | . . . . . . . 2 . Grunt 57 | . 2 . 6 14 18 10 5 2 Brawler 2 | . . . . . . 2 . . Duelist 3 | . . . . . . 2 . 1 Protector 1 | . . . . 1 . . . . Sentry 9 | . . . 5 1 2 1 . . Programmer 3 | . . . . . . . 3 . Best Kill Streak 11 | 2 3 3 6 11 4 5 6 2 Combat Bots Only 9 | . 3 3 6 9 4 4 5 2 Max Kills in Single Turn 3 | 1 1 1 2 3 3 2 1 1 Gunslinging 1 | . . . . . 1 . . . Exploded 3 | . . . . 3 2 2 . . Melee . | . . . . . . . . . Uniques/NPCs Destroyed . | . . . . . . . . . Combat | -11 -10 -10 -9 -9 -9 -8 -8 -8 -------- Run | Yrd Mat Min Mat Sto Gar Mat Gar Mat Hostile Shots Fired 490 | . 10 32 82 26 58 145 99 38 Missed 121 | . 4 7 19 9 19 37 19 7 Hits 369 | . 6 25 63 17 39 108 80 31 Melee 13 | . . . . . . 7 2 4 Projectile 356 | . 6 25 63 17 39 101 78 27 AOE 3 | . . . . . 1 . 2 . Critical Strikes 8 | . . . . . . 4 3 1 Part Disruptions 1 | . . . . . . . 1 . Damage Taken 5080 | . 54 204 654 331 576 1596 1090 575 Core 757 | . 10 19 78 32 33 207 230 148 Absorbed by Shields 14 | . . . . . 6 8 . . Ignored by Resistances 120 | . . . . . . . 120 . Regen/Repaired (Parts) 31 | . . . . 31 . . . . Core Remaining (%) 84 | 100 . 88 . . 64 . . . Volleys Fired 353 | 17 27 9 63 27 55 84 57 14 Largest 3 | 2 2 2 3 3 3 3 3 3 Hottest 135 | 40 40 40 110 135 135 123 118 113 Shots Fired 782 | 34 54 18 181 57 123 181 105 29 Gun 691 | 34 54 18 181 45 121 107 102 29 Cannon 74 | . . . . . . 71 3 . Launcher 17 | . . . . 12 2 3 . . Special . | . . . . . . . . . Kinetic 544 | 34 54 18 164 9 32 153 68 12 Thermal 7 | . . . . . . . 7 . Explosive 17 | . . . . 12 2 3 . . Electromagnetic 214 | . . . 17 36 89 25 30 17 Robot Hit Streak 25 | 6 10 2 10 20 8 25 14 4 Robot Miss Streak 8 | 3 3 4 7 3 2 8 5 4 Penetration Max . | . . . . . . . . . Secondary Targets 10 | . . 1 1 1 2 . 3 2 Max Gunslinging Chain 1 | . . 1 1 1 1 . 1 1 Shots Hit Robots 496 | 23 35 7 104 35 67 140 61 24 Core Hits 225 | 7 16 4 42 44 37 47 18 10 Critical Kills 4 | . . . 1 . . . 3 . Critical Parts Destroyed 2 | . . . . . . . 2 . Critical Strikes 9 | . . . 2 . 1 . 6 . Burn 1 | . . . . . . . 1 . Destroy 6 | . . . 1 . . . 5 . Corrupt 2 | . . . 1 . 1 . . . Melee Attacks 55 | . . . . . . 32 20 3 Impact . | . . . . . . . . . Slashing . | . . . . . . . . . Piercing . | . . . . . . . . . Sneak Attacks 10 | . . . . . . 7 3 . Combat Hostiles 1 | . . . . . . 1 . . Follow-up Attacks . | . . . . . . . . . Damage Inflicted 9741 | 164 300 60 1626 1999 1833 2580 816 363 Guns 6044 | 164 300 60 1529 503 1164 1277 684 363 Cannons 1023 | . . . . . . 979 44 . Explosions 2674 | . . . 97 1496 669 324 88 . Melee . | . . . . . . . . . Ramming . | . . . . . . . . . Kinetic 4740 | 164 300 60 1324 89 319 1754 579 151 Thermal 689 | . . . 97 87 248 115 142 . Explosive 2039 | . . . . 1409 421 209 . . Electromagnetic 2273 | . . . 205 414 845 502 95 212 Impact . | . . . . . . . . . Slashing . | . . . . . . . . . Piercing . | . . . . . . . . . Highest Corruption 9 | . . . 4 4 4 5 9 9 Average Corruption 5 | . . . 4 4 4 5 8 9 Corruption Purged . | . . . . . . . . . Corruption Blocked . | . . . . . . . . . Effects 151 | . . . 15 18 36 6 65 11 Message Errors 29 | . . . 2 5 7 2 10 3 Matter Fused 40 | . . . 4 1 11 1 19 4 Heat Flow Errors 16 | . . . . 1 5 1 8 1 Energy Discharges 19 | . . . 2 2 5 . 10 . Parts Rejected 1 | . . . . . . . . 1 Parts Fused 3 | . . . 2 1 . . . . Data Loss (minor) 16 | . . . 1 4 2 1 7 1 Data Loss (major) 8 | . . . 1 . 4 . 2 1 Misfires 8 | . . . 1 1 . 1 5 . Alerts 6 | . . . . 2 . . 4 . Weapon Failures 5 | . . . 2 1 2 . . . Overload Shots . | . . . . . . . . . Overflow Damage 122 | . . . 1 50 . 31 40 . Projectiles . | . . . . . . . . . Explosions 122 | . . . 1 50 . 31 40 . Melee . | . . . . . . . . . Knockbacks 7 | . . . . . . 7 . . Impact . | . . . . . . . . . Kinetic 6 | . . . . . . 6 . . Secondary 1 | . . . . . . 1 . . Self-Inflicted Damage 243 | . . . 55 47 29 66 46 . Shots 8 | . . . 1 2 2 2 1 . Rammed 1 | . . . . . . . 1 . Targets Rammed 1 | . . . . . . . 1 . Kicked . | . . . . . . . . . Crushed . | . . . . . . . . . Highest Temperature 337 | . 6 . 159 206 337 193 316 219 Average Temperature 74 | . 6 . 37 65 89 43 108 68 Received Heat Transfer 1391 | . 12 . 117 72 203 573 324 90 Effects 4 | . . . . . 1 . 3 . Energy Bleed 3 | . . . . . 1 . 2 . Matter Decay 1 | . . . . . . . 1 . Siege Activations . | . . . . . . . . . Martial Activations . | . . . . . . . . . Shielding Activations . | . . . . . . . . . Robots Disrupted . | . . . . . . . . . Combat Hostiles . | . . . . . . . . . Robots Corrupted 4 | . . . 1 1 2 . . . Combat Hostiles 3 | . . . 1 . 2 . . . Parts Fried 5 | . . . . 2 2 1 . . Impact Corruptions . | . . . . . . . . . Robots Melted . | . . . . . . . . . Combat Hostiles . | . . . . . . . . . Parts Melted 1 | . . . . . . . 1 . Heat Transferred 1000 | . . . 150 150 250 100 350 . Parts Sabotaged . | . . . . . . . . . Parts Stolen . | . . . . . . . . . Parts Stripped . | . . . . . . . . . Power Chain Reactions 10 | . . . 2 2 4 1 1 . Alert | -11 -10 -10 -9 -9 -9 -8 -8 -8 ------- Run | Yrd Mat Min Mat Sto Gar Mat Gar Mat Maximum Alert Level 5 | . . . 1 2 5 4 5 3 Low Security (%) 22 | 100 100 100 27 45 . . . . Level 1 10 | . . . 72 3 . . . . Level 2 7 | . . . . 51 19 . . . Level 3 31 | . . . . . 21 97 35 100 Level 4 13 | . . . . . 20 2 39 . Level 5 14 | . . . . . 38 . 24 . High Security . | . . . . . . . . . Max Security . | . . . . . . . . . Peak Influence 2127 | 5 70 60 336 640 2127 1126 1823 888 Initial 1036 | . . . 3 132 401 1036 726 888 Average 805 | 1 7 30 237 354 1294 935 1268 824 Influence Increases 6047 | 15 156 70 825 805 1816 982 1237 141 Destroy 0b10 Robot/C 3070 | . 100 60 520 480 740 640 440 90 Destroy 0b10 Robot/NC 134 | 15 10 . 40 45 . 15 5 4 Destroy Leader 472 | . 22 10 132 104 30 130 20 24 Allied During Kill 234 | . . . . 51 93 20 62 8 Successful Hack 116 | . 24 . 13 22 14 7 21 15 Select Force Hacks 30 | . . . . . . 30 . . Disable Machine 90 | . . . 15 45 . 30 . . Anti-Garrison Action 1150 | . . . . . 750 . 400 . Destroy Structure 331 | . . . 15 58 129 35 94 . Lose Combat Pursuer 420 | . . . 90 . 60 75 195 . Influence Decreases 5298 | 15 156 60 521 502 306 1991 532 1215 Entered New Map 2823 | . . . 7 182 216 1091 392 935 Time Decay 1665 | 15 156 60 494 270 . 510 . 160 Lost Part 200 | . . . 20 10 10 80 40 40 Lost Ally 460 | . . . . 40 80 160 100 80 Purge Threat 150 | . . . . . . 150 . . Squads Dispatched 18 | . 2 . 2 5 . 7 . 2 Investigation 4 | . 1 . 1 1 . 1 . . Extermination . | . . . . . . . . . Reinforcement 3 | . 1 . 1 . . 1 . . Assault 4 | . . . . 2 . 2 . . Garrison 7 | . . . . 2 . 3 . 2 Intercept . | . . . . . . . . . Searches Triggered . | . . . . . . . . . Construction Impeded . | . . . . . . . . . Haulers Reinforced . | . . . . . . . . . Active Scanning Responses . | . . . . . . . . . Cargo Convoy Interrupts . | . . . . . . . . . Alert ID Control Effect 4 | . . . . . . . 4 . Stealth | -11 -10 -10 -9 -9 -9 -8 -8 -8 --------- Run | Yrd Mat Min Mat Sto Gar Mat Gar Mat Distress Signals 12 | . . . 2 2 . . 8 . Communications Jammed . | . . . . . . . . . Distress Signals . | . . . . . . . . . Times Spotted 249 | . 14 3 45 31 36 60 45 15 Peak Tracking Total 10 | . 3 3 7 6 6 10 9 5 Tactical Retreats 16 | . . . 3 . 3 3 7 . Traps | -11 -10 -10 -9 -9 -9 -8 -8 -8 ------- Run | Yrd Mat Min Mat Sto Gar Mat Gar Mat Traps Triggered 23 | . 1 . 1 2 14 . 5 . Indirectly . | . . . . . . . . . Trap Hack Attempts . | . . . . . . . . . Triggered . | . . . . . . . . . Disarmed . | . . . . . . . . . Reprogrammed . | . . . . . . . . . Reused . | . . . . . . . . . Traps Extracted . | . . . . . . . . . Installed . | . . . . . . . . . Triggered . | . . . . . . . . . Machines | -11 -10 -10 -9 -9 -9 -8 -8 -8 ---------- Run | Yrd Mat Min Mat Sto Gar Mat Gar Mat Machines Disabled 18 | . . . 1 3 8 2 4 . Max in Single Turn 2 | . . . 1 1 2 1 1 . Garrison Relay 10 | . . . . . 6 . 4 . Phase Generator 1 | . . . . . 1 . . . Machines Repaired . | . . . . . . . . . Machines Dismantled . | . . . . . . . . . Machines Sabotaged . | . . . . . . . . . Overloaded Fab Kills . | . . . . . . . . . Hacking | -11 -10 -10 -9 -9 -9 -8 -8 -8 --------- Run | Yrd Mat Min Mat Sto Gar Mat Gar Mat Machines Accessed 32 | . 7 . 5 6 4 6 2 2 Terminals 25 | . 6 . 4 3 4 4 2 2 Fabricators . | . . . . . . . . . Repair Stations 1 | . . . . 1 . . . . Recycling Units 3 | . 1 . 1 1 . . . . Scanalyzers 1 | . . . . . . 1 . . Garrison Access 2 | . . . . 1 . 1 . . Total Hacks 90 | . 24 . 18 15 10 17 2 4 Successful 49 | . 15 . 9 10 1 9 2 3 Failed 41 | . 9 . 9 5 9 8 . 1 Catastrophic 7 | . . . 1 . 4 2 . . Database Lockouts . | . . . . . . . . . Manual 68 | . 23 . 18 10 . 13 . 4 Terminals 72 | . 23 . 16 4 10 13 2 4 Fabricators . | . . . . . . . . . Repair Stations 1 | . . . . 1 . . . . Recycling Units 12 | . 1 . 2 9 . . . . Scanalyzers 3 | . . . . . . 3 . . Garrison Access 2 | . . . . 1 . 1 . . Terminal Hacks 15 | . 5 . 3 3 1 1 2 . Part Schematic 1 | . 1 . . . . . . . Robot Analysis 5 | . 3 . 2 . . . . . Open Door 3 | . . . . 2 . . 1 . Branch Access Points 1 | . . . 1 . . . . . Emergency Access Points 2 | . . . . . 1 . 1 . Alert Level 1 | . . . . 1 . . . . Unreport Threat 1 | . . . . . . 1 . . Locate Traps 1 | . 1 . . . . . . . Fabricator Hacks . | . . . . . . . . . Repair Station Hacks . | . . . . . . . . . Recycling Unit Hacks . | . . . . . . . . . Scanalyzer 2 | . . . . . . 2 . . Insert Component 1 | . . . . . . 1 . . Analyze 1 | . . . . . . 1 . . Garrison Access Hacks 2 | . . . . 1 . 1 . . Unlock Access 2 | . . . . 1 . 1 . . Unauthorized Hacks 30 | . 10 . 6 6 . 5 . 3 Terminals 23 | . 9 . 6 1 . 4 . 3 Botnet 10 | . 3 . 3 1 . 2 . 1 Skim 13 | . 6 . 3 . . 2 . 2 Fabricators . | . . . . . . . . . Repair Stations 1 | . . . . 1 . . . . Patch 1 | . . . . 1 . . . . Recycling Units 5 | . 1 . . 4 . . . . Monitor 2 | . 1 . . 1 . . . . Reject 1 | . . . . 1 . . . . Recyclers 1 | . . . . 1 . . . . Mask 1 | . . . . 1 . . . . Scanalyzers 1 | . . . . . . 1 . . Extract 1 | . . . . . . 1 . . Garrison Access . | . . . . . . . . . Data Cores Recovered . | . . . . . . . . . Used . | . . . . . . . . . Hacking Detections 22 | . 5 . 4 3 4 4 . 2 Full Trace Events 3 | . 1 . . . 2 . . . Feedback Events . | . . . . . . . . . Feedback Blocked . | . . . . . . . . . Robot Schematics Acquired . | . . . . . . . . . Robots Built . | . . . . . . . . . Authchips . | . . . . . . . . . Time . | . . . . . . . . . Total Robot Build Rating . | . . . . . . . . . Part Schematics Acquired 4 | . 1 . . . . 3 . . Parts Built . | . . . . . . . . . Authchips . | . . . . . . . . . Time . | . . . . . . . . . Total Part Build Rating . | . . . . . . . . . Parts Repaired . | . . . . . . . . . Time . | . . . . . . . . . Parts Recycled . | . . . . . . . . . Recycled Matter . | . . . . . . . . . Retrieved Matter . | . . . . . . . . . Retrieved Components . | . . . . . . . . . Parts Scanalyzed 1 | . . . . . . 1 . . Part Schematics Acquired 1 | . . . . . . 1 . . Parts Damaged . | . . . . . . . . . Bothacking | -11 -10 -10 -9 -9 -9 -8 -8 -8 ------------ Run | Yrd Mat Min Mat Sto Gar Mat Gar Mat Used RIF Installer 4 | . . . . . 2 . 2 . Threat Obfuscator 1 | . . . . . . . 1 . Watcher Feeds 1 | . . . . . 1 . . . Alert ID Control 1 | . . . . . . . 1 . Robots Hacked 32 | . . . . . . 19 11 2 Non-combat 5 | . . . . . . 5 . . Combat 27 | . . . . . . 14 11 2 Robot Hacks Applied 36 | . . . . . . 22 11 3 deconstruct_machine 1 | . . . . . . 1 . . hold_bot 1 | . . . . . . 1 . . drop_inventory 2 | . . . . . . 2 . . map_route 1 | . . . . . . 1 . . mark_security 1 | . . . . . . 1 . . find_shortcuts 1 | . . . . . . 1 . . find_garrison 2 | . . . . . . 1 . 1 scatter_targeting 1 | . . . . . . 1 . . reboot_system 5 | . . . . . . 5 . . overwrite_iff 4 | . . . . . . 3 1 . streamctrl_high 3 | . . . . . . 2 . 1 formatsys_high 14 | . . . . . . 3 10 1 Relay Couplers Released 42 | . . . . . 24 . 18 . Machine Destruction 42 | . . . . . 24 . 18 . Attached 15 | . . . . . 1 6 8 . Fabnet Peak Effective % . | . . . . . . . . . Robots Rewired 8 | . . . . . 6 . 2 . Allies Hacked . | . . . . . . . . . Hacks Repelled . | . . . . . . . . . Allies | -11 -10 -10 -9 -9 -9 -8 -8 -8 -------- Run | Yrd Mat Min Mat Sto Gar Mat Gar Mat Total Allies 32 | . . . . 2 7 8 13 2 Largest Group 5 | . . . . 2 5 2 5 5 Highest-Rated Group 108 | . . . . 62 108 45 98 94 Highest-Rated Ally 39 | . . . . 31 39 29 31 31 Total Orders . | . . . . . . . . . Ally Attacks 238 | . . . . 40 53 49 62 34 Total Damage 4020 | . . . . 650 1223 741 816 590 Kills 49 | . . . . 7 14 8 16 4 Allies Corrupted . | . . . . . . . . . Allies Melted . | . . . . . . . . . Intel | -11 -10 -10 -9 -9 -9 -8 -8 -8 ------- Run | Yrd Mat Min Mat Sto Gar Mat Gar Mat Active Infowar (turns) 2113 | 3 1111 137 395 . . 343 124 . IFF 124 | . . . . . . . 124 . Terrain 343 | . . . . . . 343 . . Seismic 1646 | 3 1111 137 395 . . . . . Robot Analysis Total 5 | . 3 . 2 . . . . . Derelict Logs Recovered . | . . . . . . . . . Drone Launches . | . . . . . . . . . Drone Recoveries . | . . . . . . . . . Exploration | -11 -10 -10 -9 -9 -9 -8 -8 -8 ------------- Run | Yrd Mat Min Mat Sto Gar Mat Gar Mat Turns Passed 9095 | 150 1116 137 1318 588 2150 1382 1932 322 Spaces Moved 3407 | 62 413 71 599 191 780 478 702 111 Core 6 | 6 . . . . . . . . Treads 3094 | 56 413 71 599 191 780 438 459 87 Legs 307 | . . . . . . 40 243 24 Wheels . | . . . . . . . . . Hover . | . . . . . . . . . Flight . | . . . . . . . . . Fastest Speed 50 | 50 160 160 160 240 160 160 190 190 Average Speed 208 | 149 160 160 172 240 236 204 235 236 Slowest Speed 470 | 160 160 160 240 240 240 400 330 470 Overloaded Moves . | . . . . . . . . . Propulsion Burnouts . | . . . . . . . . . Robots Hopped . | . . . . . . . . . Potential Cave-ins . | . . . . . . . . . Cave-ins Triggered . | . . . . . . . . . Exploration Rate (%) 51 | 6 78 20 42 44 89 63 97 21 Regions Visited 8 Branch Regions 2 Pre-discovered Areas 1 | . 1 . . . . . . . Known Exits Taken 4 | . . 1 1 1 . 1 . . Unknown Exits Taken 2 | 1 1 . . . . . . . Scrap Searched . | . . . . . . . . . Spaces Dug 61 | . . . . 45 . 16 . . Terrain Destroyed 205 | . . . 11 78 85 27 4 . Melee . | . . . . . . . . . Projectile 9 | . . . . . . 9 . . AOE 196 | . . . 11 78 85 18 4 . Terrain Rammed . | . . . . . . . . . Walls Destroyed . | . . . . . . . . . Machines Disabled . | . . . . . . . . . Actions | -11 -10 -10 -9 -9 -9 -8 -8 -8 --------- Run | Yrd Mat Min Mat Sto Gar Mat Gar Mat Total 4754 | 89 824 81 755 271 992 714 886 142 Wait 537 | 2 375 . 29 20 17 72 22 . Move 3400 | 61 412 70 598 191 778 478 701 111 Hop . | . . . . . . . . . Pick Up 68 | 2 7 . 17 6 13 8 15 . Fast Attach 48 | 6 3 . 10 4 1 8 13 3 Attach 22 | 1 . . 1 . 2 5 10 3 Detach 14 | . . . 3 2 1 2 5 1 Swap 84 | . . 1 14 13 14 22 15 5 Drop 64 | . . 1 20 8 15 3 15 2 Fire 353 | 17 27 9 63 27 55 84 57 14 Melee 55 | . . . . . . 32 20 3 Ram . | . . . . . . . . . Kick . | . . . . . . . . . Crush 1 | . . . . . . . 1 . Escape Stasis 34 | . . . . . 22 . 12 . Rewire 74 | . . . . . 74 . . . Trap . | . . . . . . . . . Miscellaneous . | . . . . . . . . . Route ------- -11/Scrapyard -10/Materials (discovered 5 exits: *Mat x3 / [*Min] / Sub) -10/Mines (discovered 2 exits: *Mat x2) -9/Materials (discovered 5 exits: *Mat x2 / *Min / *Sto x2) -9/Storage -9/Garrison (discovered 3 exits: *Mat x3) -8/Materials (discovered 3 exits: [*Fac x2] / Gar) -8/Garrison (discovered 3 exits: *Mat x3) -8/Materials (discovered 1 exit: [*Fac]) History --------- Turn | Location | Event 2 | -11/Scrapyard | Met Revision 17 3 | -11/Scrapyard | Discovered new exit (range 15) 151 | -11/Scrapyard | Entered Materials 302 | -10/Materials | Build established: Mutant 371 | -10/Materials | Discovered new exit (range 4) 580 | -10/Materials | Discovered new exit (range 16) 800 | -10/Materials | Discovered new exit (range 6) 821 | -10/Materials | Identified exit to Subcaves 821 | -10/Materials | Identified exit to Materials 898 | -10/Materials | Learned location of 2 exits from Subcaves 1109 | -10/Materials | Learned location of 2 exits from Subcaves 1267 | -10/Materials | Entered Mines 1404 | -10/Mines | Entered Materials 1404 | -9/Materials | Evolved 2 slots: Propulsion x1, Weapon x1 1405 | -9/Materials | Identified exit to Materials 1405 | -9/Materials | Identified exit to Mines 1604 | -9/Materials | Discovered new exit (range 6) 1780 | -9/Materials | Build established: Scavenger-Gunner 2099 | -9/Materials | Build established: Scavenger-Tank 2118 | -9/Materials | Identified exit to Storage 2364 | -9/Materials | Discovered exit to Materials (range 7) 2722 | -9/Materials | Entered Storage 2945 | -9/Storage | Met a pair of Derelict thieves 3033 | -9/Storage | Destroyed 9 combat bots 3140 | -9/Storage | Garrison activated, responded to threat 3193 | -9/Storage | Build established: Tank 3281 | -9/Storage | Garrison activated, responded to threat 3310 | -9/Storage | Identified exit to Garrison 3310 | -9/Storage | Entered Garrison 3509 | -9/Garrison | Garrison Relay disabled 3526 | -9/Garrison | Triggered checkpoint 3722 | -9/Garrison | Triggered checkpoint 3740 | -9/Garrison | Triggered checkpoint 3812 | -9/Garrison | Triggered checkpoint 3834 | -9/Garrison | Triggered checkpoint 3868 | -9/Garrison | Garrison Relay disabled 3893 | -9/Garrison | Installed Relay Interface Framework 4094 | -9/Garrison | Garrison Relay disabled 4139 | -9/Garrison | Discovered exit to Materials (range 11) 4146 | -9/Garrison | Triggered checkpoint 4190 | -9/Garrison | Triggered checkpoint 4314 | -9/Garrison | Rescued a captive Derelict 4586 | -9/Garrison | Build established: Commander-Tank 4619 | -9/Garrison | Discovered exit to Materials (range 13) 4630 | -9/Garrison | Phase Generator disabled 4710 | -9/Garrison | Lost 4 allies 4940 | -9/Garrison | Garrison Relay disabled 4944 | -9/Garrison | Triggered checkpoint 4967 | -9/Garrison | Build established: Tank 5107 | -9/Garrison | Discovered exit to Materials (range 12) 5126 | -9/Garrison | Expanded RIF knowledge: Watcher Feeds 5162 | -9/Garrison | Triggered checkpoint 5203 | -9/Garrison | Garrison Relay disabled 5460 | -9/Garrison | Entered Materials 5460 | -8/Materials | Accompanied by 1 ally 5460 | -8/Materials | Evolved 2 slots: Utility x2 5860 | -8/Materials | First assault squad dispatched 5941 | -8/Materials | Build established: Bothacker-Mutant 6018 | -8/Materials | Discovered new exit (range 26) 6601 | -8/Materials | Garrison activated, responded to threat 6666 | -8/Materials | Lost 3 parts (2n1u) 6772 | -8/Materials | Discovered new exit (range 21) 6842 | -8/Materials | Identified exit to Garrison 6842 | -8/Materials | Entered Garrison 7058 | -8/Garrison | Found Hvy. Insulated Plating 7134 | -8/Garrison | Triggered checkpoint 7162 | -8/Garrison | Core integrity fell below 50% 7197 | -8/Garrison | Garrison Relay disabled 7372 | -8/Garrison | Discovered new exit (range 30) 7412 | -8/Garrison | Triggered checkpoint 7516 | -8/Garrison | P-60 Hacker assimilated allied Trooper 3c 7724 | -8/Garrison | Triggered checkpoint 7767 | -8/Garrison | Garrison Relay disabled 7961 | -8/Garrison | Garrison Relay disabled 8038 | -8/Garrison | Expanded RIF knowledge: Alert ID Control 8086 | -8/Garrison | Triggered checkpoint 8181 | -8/Garrison | Discovered new exit (range 10) 8298 | -8/Garrison | Triggered checkpoint 8540 | -8/Garrison | Triggered checkpoint 8597 | -8/Garrison | Garrison Relay disabled 8660 | -8/Garrison | Expanded RIF knowledge: Threat Obfuscation 8745 | -8/Garrison | Discovered new exit (range 10) 8774 | -8/Garrison | Entered Materials 8774 | -8/Materials | Accompanied by 5 allies 8888 | -8/Materials | Lost 4 allies 8927 | -8/Materials | Core integrity fell below 20% 8986 | -8/Materials | Garrison activated, responded to threat 9051 | -8/Materials | Lost 4 parts (1p1n2w) 9087 | -8/Materials | Discovered new exit (range 11) 9096 | -8/Materials | Destroyed by H-61 Shepherd with Heavy Assault Cannon Last Messages --------------- 09039_ K-01 Serf collects debris. 09041_ R-06 Scavenger collects Lgt. Ion Engine. 09042_ K-01 Serf collects debris. 09042_ Acquired Aluminum Leg. 09045_ K-01 Serf collects debris. 09045_ R-06 Scavenger collects Flight Unit. 09047_ MHUI7SCHOIRG 09074_ Detecting nearby Garrison Access. 09086_ G-47 Trooper emerges from the garrison. 09087_ G-47 Trooper suffers critical hit (Burn). 09087_ EXIT=FOUND 09090_ Knocked back. 09090_ G-47 Trooper suffers critical hit (Burn). 09092_ C7GCHVPXISY=&K 8HUP/GQRUMD,ILF Map ----- +----------------------------------------------------+ | ?????????????????????????????????????????????????? | | ?????????????????????????????????????????????????? | | ?????????????????????????????????????????????????? | | ?????????????????????????????????????????????????? | | ?????????????????????????????????????????????????? | | ?????????????????????????????????????????????????? | | ?????????????????????????????????????????????????? | | ?????????????????????????????????????????????????? | | ?????????????????????????????????????????????????? | | ?????????????????????????????????????????????????? | | ??????????????????????? ????????????????????? | | ?????????????????????? #??????????????????? | | ??????????????????? #??????????????????? | | ??????????????????# ! +??????????????????? | | ??????????????????# #??????????????????? | | ??????????????????# u #??????????????????? | | ???????????????#### s #??????????????????? | | ??????????????##! #??????????????????? | | ??????????????#! #??????????????????? | | ??????????????#! s #??????????????????? | | ??????????????#! #??????????????????? | | ???????????????! #??????????????????? | | ????????????????! ########???????????? | | ??????????# ####### "" #???????????? | | ?????????? "G g #???????????? | | ????????? ""@ H #???????????? | | ????????? % #???????????? | | ??????????# u #???????????? | | ??????????# ##########u ##########???????????? | | ??????????# #????????##%% #????????????????????? | | ??????????# #?????????# #????????????????????? | | ??????????# #?????????# #????????????????????? | | ??????????# #?????????# #????????????????????? | | #######???# #?????????# #????????????????????? | | #???# #?????????# Yw#????????????????????? | | #???# #?????????# #????????????????????? | | ????# #?????????# #????????????????????? | | ????# #?????????# #????????????????????? | | ?????# #?????????# #????##??????????????? | | ? ?????# #?????????# ## ###????????????? | | ###+####### ########### #?????????? | | = [% #?????????? | | ## ######?????????? | | % #?# ##??????????????? | | ###+######+##################?? #???????????????? | | ???????? ??????????????????? #???????????????? | | ???????#! ??????????????????#???????????????? | | ???????# ????????????????????????????????? | | ???????# #???????????????????????????????? | | ???????# #???????????????????????????????? | +----------------------------------------------------+ Best States ------------- Heat Dissipation 31 Energy Generation 18 Energy Capacity 515 Matter Stores 300 Matter Capacity 300 Sight Range 16 Terrain Scan Range 16 Terrain Scan Density 10 Armor Coverage 600 Resistance: EM 30 Evasion (%) 40 Recoil Reduction 3 Relay Coupler Types 3 Relay Coupler Value 68 Authchip Count 3 Item Schematics ----------------- Hcp. Storage Unit | -10/Materials | Hacked Adv. Targeting Computer | -8/Materials | Scanalyzed Com. Battery | -8/Materials | Extracted ECM Suite | -8/Materials | Extracted Robot Schematics ------------------ None Fabricated ------------ Nothing Repaired ---------- Nothing Alien Tech Used ----------------- None Achievements -------------- None Challenges ------------ None Game ------ Seed TractorUltimateDiverter Manual? 0 Play Time 01:11:54 Cumulative 264.3 hours Start 2025.06.01 @ 00:21:00 End 2025.06.01 @ 01:30:27 Sessions 1 Manual Loads 0 Difficulty Rogue Special Mode None Game No. 139 Rogue 131 Adventurer 8 Explorer 0 Win Type - Total 9 Types 4/0/2/2/0/0/0/0/0/1 Lore% 86 Gallery% 82 Achievement% 70 Wizard Run 0 Options --------- Layout 2 ASCII 0 Keyboard 1 Movement Numpad Keybinds 1 Fullscreen 1 Font 48/Smallcaps Map View 50x44 Zoom Use 0% Tactical HUD 1 Map Filters NONE Filters NONE Steam 1 RUN: 0e35a2c3-8cd2-4794-b790-2fc2101ccfdb